 Dungeon Crawl Stone Soup version 0.29-a0-620-g13ace881f2 (webtiles) character file.

Game seed: 5345466009891146764

72 frimble the Slasher (level 4, 0/29 HPs)
             Began as an Octopode Warper on June 18, 2022.
             Succumbed to their own poison gas
             ... on level 4 of the Dungeon.
             The game lasted 00:04:50 (2808 turns).

frimble the Slasher (Octopode Warper)               Turns: 2808, Time: 00:04:50

Health: 0/29       AC:  1    Str: 10    XL:     4   Next: 26%
Magic:  1/7        EV: 13    Int: 15    God:
Gold:   134        SH:  0    Dex: 11    Spells: 5/7 levels left

rFire   . . .      SeeInvis .   a - +0 falchion
rCold   . . .      Faith    .   (no shield)
rNeg    . . .      Spirit   +   (helmet restricted)
rPois   .          Reflect  .   i - amulet of guardian spirit
rElec   .          Harm     .   (no ring)
rCorr   .          Rampage  .   (no ring)
Will    .....                   (no ring)
Stlth   ++........              (no ring)
HPRegen 0.09/turn               (no ring)
MPRegen 0.10/turn               (no ring)
                                (no ring)
                                (no ring)

@: lethally poisoned (0 -> -21)
A: almost no armour, amphibious, 8 rings, camouflage 1, gelatinous body 1,
(nimble swimmer 1), tentacles, dopey 1, MP-powered wands
a: no special abilities


You were on level 4 of the Dungeon.
You visited 2 branches of the dungeon, and saw 5 of its levels.

You collected 134 gold pieces.

Inventory:

Hand Weapons
 a - a +0 falchion (weapon)
Missiles
 c - 7 boomerangs of dispersal (quivered)
Jewellery
 i - an amulet of guardian spirit (around mantle)
Scrolls
 j - a scroll of enchant armour
Potions
 d - a potion of attraction
 g - 2 potions of degeneration


   Skills:
 - Level 2.0 Fighting
 + Level 4.1 Long Blades
 - Level 1.0 Throwing
 - Level 2.3 Dodging
 - Level 2.0 Spellcasting
 + Level 3.3 Translocations


You had 5 spell levels left.
You knew the following spells:

 Your Spells              Type           Power      Damage    Failure   Level
a - Blink                 Tloc           22%        N/A       9%          2

Your spell library contained the following spells:

 Spells                   Type           Power      Damage    Failure   Level
 Gell's Gravitas          Tloc           11%        N/A       17%         3
 Lesser Beckoning         Tloc           11%        N/A       17%         3
 Teleport Other           Tloc           11%        N/A       17%         3
 Portal Projectile        Hex/Tloc       12%        N/A       32%         3
 Dazzling Flash           Conj/Hex       2%         N/A       54%         3
 Summon Guardian Golem    Hex/Summ       1%         N/A       54%         3
 Tukima's Dance           Hex            1%         N/A       54%         3
 Iskenderun's Mystic Bla  Conj/Tloc      6%         2d4       73%         4
 Manifold Assault         Tloc           11%        N/A       83%         5
 Blade Hands              Tmut           0%         N/A       99%         5
 Starburst                Conj/Fire      0%         6d3       100%        6
 Malign Gateway           Summ/Tloc      3%         N/A       100%        7
 Orb of Destruction       Conj           0%         9d5       100%        7
 Spellforged Servitor     Conj/Summ      0%         N/A       100%        7
 Summon Horrible Things   Summ           0%         N/A       100%        8


Dungeon Overview and Level Annotations

Branches:
Dungeon (4/15)             Temple (1/1) D:4

Altars:
Elyvilon
Fedhas
Gozag
Nemelex Xobeh
Okawaru
Ru
Uskayaw
Vehumet
Wu Jian
Xom

Shops:
D:1 *(:=*   D:4 *


Innate Abilities, Weirdness & Mutations

You cannot wear most types of armour.
You are amphibious.
You can wear up to eight rings at the same time.
Your skin changes colour to match your surroundings (Stealth+).
Your rubbery body absorbs attacks. (AC +1, EV +1)
((You are camouflaged when in or above water. (Stealth+)))
You have tentacles for arms and can constrict up to eight enemies at once.
You are dopey. (Int -2)
You expend magic power (3 MP) to strengthen your wands.


Message History

Your kobold is engulfed in poison gas.
Your kobold is poisoned.
It was a potion of mutation.
You feel extremely strange.
You feel stupid.
You feel your magical essence link to the dungeon's wands.
The black bear barely misses you. The black bear claws you.
* * * LOW HITPOINT WARNING * * *
The black bear claws you.
* * * LOW HITPOINT WARNING * * *
Your kobold is engulfed in poison gas.
Your kobold looks even sicker.
You kill your kobold!
Your kobold's corpse dissolves into shadows!
Your iguana is engulfed in poison gas.
Your iguana looks even sicker.
Your iguana bites the black bear.
Your hobgoblin is engulfed in poison gas.
Your hobgoblin looks even sicker.
You kill your hobgoblin!
Your hobgoblin's corpse dissolves into shadows!
It was a potion of curing.
You feel better. The black bear bites you.
* * * LOW HITPOINT WARNING * * *
The black bear barely misses you. The black bear closely misses you.
Your iguana is engulfed in poison gas.
Your iguana looks even sicker.
Your iguana bites the black bear!
Blink to where?
Press: ? - help, Dir - move target Really blink into that cloud of poison gas?
As you read the scroll of blinking, it crumbles to dust.
You are engulfed in poison gas.
You are lethally poisoned!
* * * LOW HITPOINT WARNING * * *
You feel very sick.
You kill your iguana!
Your iguana's corpse dissolves into shadows!
You feel better.
You are engulfed in poison gas.
You are lethally poisoned!
* * * LOW HITPOINT WARNING * * *
You die...

#.#.# #.......# # ###...
#.....).#
..###....#############.......#
.............................#
###....##############.§.....#
#..#.#### ###☼§☼.#####
#.......## ###☼§§§####
###........# #§§§###
........⌠8.## #@#
#..#........###..#
#.###.>.⌠8......## #.#
#......#...# ..# ##..⌠8.#...
### #......... #.#...... #
#........ . ###......


There were no monsters in sight!

Vanquished Creatures
  2 worms (D:2)
  3 dart slugs (D:1)
  4 ball pythons
  3 endoplasms (D:1)
  2 giant cockroaches
  4 goblins (D:1)
  6 hobgoblins
  6 jackals
  4 quokkas (D:1)
  10 bats
  3 frilled lizards
  3 kobolds
  6 rats
56 creatures vanquished.

Notes
Turn   | Place    | Note
-------+----------+-------------------------------------------
     0 | D:1      | frimble the Octopode Warper began the quest for the Orb.
     0 | D:1      | Reached XP level 1. HP: 14/14 MP: 3/3
   106 | D:1      | Found Hahydini's General Store.
   215 | D:1      | Reached XP level 2. HP: 19/19 MP: 5/5
   274 | D:1      | Reached skill level 3 in Long Blades
   344 | D:1      | Found Taptifimm's Weapon Boutique.
   495 | D:1      | Reached XP level 3. HP: 22/24 MP: 6/6
   529 | D:1      | Found Taaseg's Book Shoppe.
   713 | D:1      | Found Wuynea's Jewellery Boutique.
  1033 | D:1      | Found Ivvaimo's General Store.
  1151 | D:2      | Learned a level 2 spell: Blink
  1664 | D:2      | Found a faded altar of an unknown god.
  1671 | D:2      | Reached skill level 4 in Long Blades
  1756 | D:2      | Reached XP level 4. HP: 27/29 MP: 7/7
  2605 | D:4      | Found Faon's General Store.
  2651 | D:4      | Noticed a black bear
  2654 | D:4      | Found a sacrificial altar of Ru.
  2673 | D:4      | Found a staircase to the Ecumenical Temple.
  2692 | Temple   | Entered the Ecumenical Temple
  2805 | D:4      | Gained mutation: You are dopey. (Int -2) [potion of
                  | mutation]
  2805 | D:4      | Gained mutation: You expend magic power (3 MP) to
                  | strengthen your wands. [potion of mutation]
  2805 | D:4      | HP: 1/29 [black bear (4)]
  2808 | D:4      | Succumbed to their own poison gas

Illustrated notes

Levels and vault maps discovered:
D:1:      wander_arrival_lonely_grave, layout_loops_ring, serial_shops,
          nicolae_square_shop, nicolae_shop_trees, nicolae_shop_stone,
          nicolae_shop_stone, nicolae_shop_window_shopping,
          chequers_serial_rivers_large_a, minmay_misc_feat_enclosed
D:2:      layout_loops_ring, hellmonk_ecumenical_altar_pennies_from_heaven,
          minmay_unequal
D:3:      layout_basic, lemuel_coloured_pillars_altar
D:4:      layout_rooms, nicolae_ru_awakened_eye,
          minmay_temple_entry_drinking_statues, serial_shops,
          nicolae_stop_n_shop_2, nicolae_shop_advertising_works
          [nicolae_subvault_shop_adworks], shop_fountains,
          nicolae_stop_n_shop_2, chequers_ossuary_entry_cave, minmay_cupped
Temple:   dpeg_three_leaves_temple

Skill      XL: |  1  2  3 |
---------------+----------+-----
Long Blades    | 3 4 |  4.1
Fighting       | |  2.0
Throwing       | |  1.0
Dodging        | |  2.3
Spellcasting   | |  2.0
Translocations | |  3.3

Action                   |  1- 3 |  4- 6 || total
-------------------------+-------+-------++-------
Melee: Falchion          |    98 |    20 ||   118
       Constrict         |    24 |     7 ||    31
       Tentacles         |    17 |     3 ||    20
       Punch             |     3 |     2 ||     5
 Cast: Blink             |       |     1 ||     1
  Use: Scroll            |     4 |     6 ||    10
       Potion            |       |     3 ||     3
 Stab: Sleeping          |     9 |       ||     9
       Distracted        |       |     1 ||     1
Armor: Skin              |    17 |     2 ||    19
Dodge: Dodged            |    81 |    19 ||   100

Table legend: (Time is in decaauts)
 A = Elapsed time spent in this place.
 B = Non-inter-level travel time spent in this place.
 C = Inter-level travel time spent in this place.
 D = Time resting spent in this place.
 E = Time spent auto-exploring this place.
 F = Levels seen in this place.
 G = Mean time per level.
                   A        B        C        D        E       F      G
               +--------+--------+--------+--------+--------+-----+--------+
         Total |   2822 |   2629 |    193 |      3 |   2153 |   5 |  564.4 |
       Dungeon |   2737 |   2559 |    178 |      3 |   2095 |   4 |  684.2 |
        Temple |     85 |     70 |     15 |      0 |     58 |   1 |   85.0 |
               +--------+--------+--------+--------+--------+-----+--------+

Top non-repeatable levels by time:
     D:2: 1459 daAuts
     D:1: 1145 daAuts
     D:4: 117 daAuts
  Temple: 85 daAuts
     D:3: 14 daAuts
